 Dungeon Sprint DCSS version 0.25.1-2-g60ff931df9 (webtiles) character file.

Game seed: 9161581177273081755

429 HawFromDerth the Fighter (level 6, -2/100 HPs)
             Began as a Hill Orc Berserker on Sept 21, 2020.
             Was a Believer of Trog.
             Engulfed by Sonja's freezing vapour (11 damage)
             ... in the Dungeon (Sprint I: "Red Sonja").
             The game lasted 00:02:13 (1103 turns).

HawFromDerth the Fighter (Hill Orc Berserker)       Turns: 1103, Time: 00:02:13

Health: -2/100     AC:  9    Str: 22    XL:     6   Next: 98%
Magic:  6/6        EV: 11    Int:  7    God:    Trog [**....]
Gold:   129        SH:  0    Dex: 10    Spells: 5/5 levels left

rFire    + . .     SeeInvis .   a - +0 falchion
rCold    . . .     Gourm    .   (no shield)
rNeg     . . .     Faith    .   c - +1 scale mail {rF+}
rPois    .         Spirit   .   (no helmet)
rElec    .         Reflect  .   m - +0 cloak
rCorr    .         Harm     .   (no gloves)
MR       .....     NoTele   +   (no boots)
Stlth    ..........             (no amulet)
HPRegen  0.26/turn              (no ring)
MPRegen  0.10/turn              (no ring)

@: berserking, very quick
A: no striking features
a: Berserk, Trog's Hand, Renounce Religion


You were in the Dungeon.
You worshipped Trog.
Trog was pleased with you.
You were not hungry.

You visited 1 branch You collected 297 gold pieces.
You spent 168 gold pieces at shops.

Inventory:

Hand Weapons
 a - a +0 falchion (weapon)
Armour
 c - a +1 scale mail of fire resistance (worn)
 m - a +0 cloak (worn)
Wands
 j - a wand of flame (22)
Scrolls
 i - a scroll of blinking
 l - a scroll of summoning {unknown}
Potions
 d - a potion of curing
 e - a potion of heal wounds
 f - a potion of haste
 g - 2 potions of magic
 h - a potion of berserk rage
 k - a potion of stabbing {unknown}


   Skills:
 + Level 10.7 Fighting
 + Level 10.6 Long Blades
 + Level 5.0 Armour
 + Level 4.5 Dodging
 + Level 1.5 Stealth


You had 5 spell levels left.
You didn't know any spells.
Your spell library was empty.

Dungeon Overview and Level Annotations

Branches:
Dungeon (1/1)

Altars:
Cheibriados
Dithmenos
Elyvilon
Fedhas
Gozag
Hepliaklqana
Kikubaaqudgha
Nemelex Xobeh
Okawaru
Qazlal
Ru
Sif Muna
Trog
Uskayaw
Vehumet
Wu Jian
Yredelemnul
Zin
The Shining One

Shops:
D [

Annotations:
D Sonja


Message History

A red film seems to cover your vision as you go berserk!
You feel yourself moving faster!
You feel mighty!
You feel a lot more hungry.
You are engulfed in freezing vapours.
Sonja hits you but does no damage. Space bends around you.
* * * LOW HITPOINT WARNING * * *
Sonja barely misses you. Sonja closely misses you.
You are too injured to fight recklessly!
You are too injured to fight recklessly!
You are too injured to fight recklessly!
You are too injured to fight recklessly!
You are too injured to fight recklessly!
You completely miss Sonja.
You are engulfed in freezing vapours.
* * * LOW HITPOINT WARNING * * *
Sonja zaps a wand.
Sonja creates a blast of noxious fumes!
You closely miss Sonja.
You are engulfed in freezing vapours.
* * * LOW HITPOINT WARNING * * *
You slash Sonja!
Sonja is moderately wounded.
You are engulfed in freezing vapours.
You die...

################
#<.#..)..#..'..#
#..').#..').#..+
#..#####'#####'#
#..####..#...#.#
#..#__####..##.#
#..#_____##'#_.+
#⌠⌠#_.∩...'.§K_#
####_..__##§@#+#
#_____###§#
####### #.# $.$
$.$# ##.## #+#


You could see Sonja.

Vanquished Creatures
  Sigmund (D)
  A yak (D)
  An ogre (D)
  A jelly (D)
  Ijyb (D)
5 creatures vanquished.

Vanquished Creatures (others)
  A gargoyle (D)
1 creature vanquished.

Grand Total: 6 creatures vanquished

Notes
Turn   | Place    | Note
-------+----------+-------------------------------------------
     0 | D        | HawFromDerth the Hill Orc Berserker began the quest for the
                  | Orb.
     0 | D        | Reached XP level 1. HP: 19/19 MP: 1/1
     1 | D        | Noticed Ijyb
     9 | D        | Killed Ijyb
     9 | D        | Reached skill level 5 in Fighting
     9 | D        | Reached skill level 5 in Long Blades
     9 | D        | Reached XP level 2. HP: 22/29 MP: 2/2
     9 | D        | Reached XP level 3. HP: 27/36 MP: 3/3
    83 | D        | Noticed an ogre
    90 | D        | Killed an ogre
    90 | D        | Reached XP level 4. HP: 4/47 MP: 4/4
   484 | D        | Noticed Sigmund
   485 | D        | Killed a gargoyle
   492 | D        | Killed Sigmund
   492 | D        | Reached ** piety under Trog
   492 | D        | Reached XP level 5. HP: 43/57 MP: 5/5
   492 | D        | Reached XP level 6. HP: 49/64 MP: 6/6
   750 | D        | Found a shimmering blue altar of Sif Muna.
   751 | D        | Found an ornate altar of the Wu Jian Council.
   752 | D        | Found a radiant altar of Vehumet.
   785 | D        | Found Kiec's Antique Armour Emporium.
   785 | D        | Found an ancient bone altar of Kikubaaqudgha.
   785 | D        | Found a hazy altar of Hepliaklqana.
   785 | D        | Found a hide-covered altar of Uskayaw.
   785 | D        | Found a basalt altar of Yredelemnul.
   785 | D        | Found an opulent altar of Gozag.
   785 | D        | Found a snail-covered altar of Cheibriados.
   785 | D        | Found a sacrificial altar of Ru.
   785 | D        | Found a shadowy altar of Dithmenos.
   785 | D        | Noticed a yak
   798 | D        | Killed a yak
   798 | D        | Reached skill level 10 in Fighting
   798 | D        | Reached skill level 10 in Long Blades
   798 | D        | Reached skill level 5 in Armour
   798 | D        | Reached skill level 1 in Stealth
  1072 | D        | Found a stormy altar of Qazlal.
  1072 | D        | Found a blossoming altar of Fedhas.
  1072 | D        | Found a bloodstained altar of Trog.
  1072 | D        | Found an iron altar of Okawaru.
  1072 | D        | Found a glowing golden altar of the Shining One.
  1072 | D        | Found a glowing silver altar of Zin.
  1072 | D        | Found a white marble altar of Elyvilon.
  1073 | D        | Found a sparkling altar of Nemelex Xobeh.
  1078 | D        | Bought a runed scale mail for 168 gold pieces
  1096 | D        | Noticed Sonja
  1103 | D        | Engulfed by Sonja's freezing vapour

Illustrated notes

Levels and vault maps discovered:
D:        dungeon_sprint_1 [red_sonja_temple_1, red_sonja_temple_small_1]

Skill      XL: |  1  2  3  4  5  6 |
---------------+-------------------+-----
Fighting       | 5 7 9 10 | 10.7
Long Blades    | 5 7 9 10 | 10.6
Armour         | 3 4 5 |  5.0
Dodging        | 2 3 4 |  4.5
Stealth        | 1 |  1.5

Action                   |  1- 3 |  4- 6 || total
-------------------------+-------+-------++-------
Melee: Falchion          |    14 |    24 ||    38
Invok: Berserk           |       |     3 ||     3
 Stab: Sleeping          |       |     1 ||     1
  Eat: Ration            |       |     1 ||     1
Armor: Animal skin       |     1 |     1 ||     2
       Scale mail        |       |     3 ||     3
Dodge: Dodged            |     5 |     6 ||    11
       Rpst.: Falchion   |     3 |     3 ||     6
